Penguins vs Bruins

Created - 25 novembre 2020 at 20:21

Goals
1 2 3 T
Penguins 0 1 0 1
Bruins 1 1 0 2
Shots
1 2 3 T
Penguins 14 12 13 39
Bruins 8 9 12 29

1st period

1. Bruins , Adam Henrique 8 (Tyler Bertuzzi 12, Brett Pesce 6) at 2:49 (PP)

Penalties :
Brent Seabrook (PIT) for Slashing (Minor) at 2:09, Jonathon Merrill (BOS) for Goalie Interference (Minor) at 15:33

2nd period

2. Penguins , Shea Weber 1 (Drew Doughty 10, Gabriel Landeskog 4) at 7:48
3. Bruins , Radek Faksa 6 (Carl Hagelin 7) at 8:03

Penalties :
Filip Hronek (PIT) for High sticking (Minor) at 3:06, Pierre-Luc Dubois (PIT) for Hooking (Minor) at 15:55

3rd period

No Goal

Penalties :
Tanner Fritz (BOS) for Tripping (Minor) at 3:42, Jayson Megna (BOS) for Fighting (Major) at 9:32, Filip Hronek (PIT) for Fighting (Major) at 9:32

Goalie Stats

Connor Hellebuyck (PIT), 27 saves from 29 shots - (0,931), L, 5-5-3, 59:00 minutes
Tristan Jarry (BOS), 38 saves from 39 shots - (0,974), W, 4-4-1, 60:00 minutes

Players Stats for Penguins

Player Name              G  A  P  +/- PIM S  H  SB GA TA FO     MP     PP MP  PK MP  
------------------------------------------------------------------------------------
Adrian Kempe             0  0  0   0  0   1  0  0  0  0  6/15    9:56   0:00   3:01 
Alex DeBrincat           0  0  0  -1  0   2  0  0  0  0  0/1    17:25   1:36   0:04 
Alexander Nylander       0  0  0   0  0   0  0  0  0  0  3/19   11:48   0:00   0:00 
Brent Seabrook           0  0  0   0  2   2  3  3  0  0  0/0    14:04   0:00   0:00 
Cedric Paquette          0  0  0   0  0   1  3  0  0  0  1/2     8:28   0:00   1:33 
Clayton Keller           0  0  0   0  0   0  2  0  0  0  0/0    11:48   0:00   0:00 
David Perron             0  0  0   1  0   3  0  0  0  0  1/2    19:18   2:22   0:00 
Drew Doughty             0  1  1   1  0   6  2  2  0  0  0/0    25:21   2:27   2:55 
Filip Hronek             0  0  0  -1  7   0  3  0  0  0  0/0    18:32   1:31   1:06 
Gabriel Landeskog        0  1  1   1  0   5  0  1  0  0  0/0    19:18   2:22   0:00 
Jonathan Huberdeau       0  0  0  -1  0   9  0  0  0  0  1/2    17:25   1:36   0:04 
Marcus Pettersson        0  0  0   0  0   0  0  2  0  0  0/0    14:46   0:00   0:41 
Mark Giordano            0  0  0  -1  0   0  0  0  0  0  0/0    21:19   1:31   1:43 
Max Domi                 0  0  0   1  0   2  0  0  0  0  14/32  22:19   2:22   3:01 
Oliver Bjorkstrand       0  0  0   0  0   1  0  0  0  0  0/0    11:48   0:00   0:00 
Oskar Lindblom           0  0  0   0  0   0  1  0  0  0  0/0     8:28   0:00   1:33 
Pierre-Luc Dubois        0  0  0  -1  2   3  3  0  0  0  9/17   17:20   1:36   0:00 
Shea Weber               1  0  1   1  0   4  3  2  0  0  0/0    25:55   2:27   2:51 

Players Stats for Bruins

Player Name              G  A  P  +/- PIM S  H  SB GA TA FO     MP     PP MP  PK MP  
------------------------------------------------------------------------------------
Adam Henrique            1  0  1  -1  0   2  0  1  0  0  18/31  22:15   2:18   1:51 
Alex Iafallo             0  0  0   0  0   0  1  0  0  0  0/0    10:19   0:28   0:31 
Antoine Roussel          0  0  0   0  0   0  2  0  0  0  0/0    11:20   0:00   0:00 
Brady Skjei              0  0  0   1  0   2  3  3  0  0  0/0    25:34   1:52   1:57 
Brendan Lemieux          0  0  0  -1  0   3  5  0  0  0  0/2    20:24   2:18   0:00 
Brett Pesce              0  1  1  -1  0   1  1  2  0  0  0/0    20:13   2:46   1:52 
Brian Dumoulin           0  0  0   1  0   1  1  3  0  0  0/0    25:43   1:52   2:06 
Carl Hagelin             0  1  1   1  0   1  0  1  0  0  1/1     9:51   0:58   0:42 
Jayson Megna             0  0  0   1  5   2  0  0  0  0  1/1    15:04   1:52   0:00 
Jonathon Merrill         0  0  0   0  2   1  6  0  0  0  0/0    14:31   0:28   0:00 
Jordan Oesterle          0  0  0  -1  0   1  4  2  0  0  0/0    19:42   2:18   1:49 
Marcus Sorensen          0  0  0   0  0   1  2  0  0  0  0/2    14:34   1:22   0:00 
Markus Nutivaara         0  0  0   0  0   0  2  0  0  0  0/0    14:16   0:00   0:12 
Michael Frolik           0  0  0   0  0   3  0  0  0  0  1/1    11:20   0:00   0:00 
Radek Faksa              1  0  1   1  0   4  3  0  0  0  19/30  18:48   1:52   1:45 
Tanner Fritz             0  0  0   0  2   2  2  0  0  0  6/8    11:19   0:00   0:00 
Tyler Bertuzzi           0  1  1  -1  0   3  0  0  0  0  1/3    22:43   2:46   1:51 
Vladimir Sobotka         0  0  0   0  0   2  0  0  0  0  8/11    8:03   0:00   1:16 

3 Stars

1 - Tristan Jarry (BOS)
2 - Radek Faksa (BOS)
3 - Shea Weber (PIT)

Power Play

Penguins - 0 on 2 Attempt(s) - 0,00%
Bruins - 1 on 3 Attempt(s) - 33,33%

Penalty Kill

Penguins - 2 on 3 Attempt(s) - 66,67% - Score 0 goal in Penalty Kill
Bruins - 2 on 2 Attempt(s) - 100,00% - Score 0 goal in Penalty Kill

Team Stat

Penguins - Hits : 20 - Faceoff Wins : 35 - Blocked Shots : 10 - Penalty Minutes : 11
Bruins - Hits : 32 - Faceoff Wins : 55 - Blocked Shots : 12 - Penalty Minutes : 9

Official

Referees : Jon McIsaac and Mike Sheehan
Linesman : Luke Galvin and Ken Bonham

Game Notes

Carl Hagelin is injured at 15:44 of 2nd period (Strained Right Knee)
Jayson Megna beats up Filip Hronek at 9:32 of 3rd period

Finance

Level 1 -- Attendance: 6000 (100,00%) -- Ticket Income 708 000 $
Level 2 -- Attendance: 4849 (96,98%) -- Ticket Income 363 675 $
Level 3 -- Attendance: 3127 (89,34%) -- Ticket Income 150 096 $
Level 4 -- Attendance: 2965 (93,24%) -- Ticket Income 88 950 $
Luxury Box -- Attendance: 1000 (100,00%) -- Ticket Income 211 000 $
Game was played at the TD Garden.
Total Attendance: 17941 (96,04%)
Total Ticket Income: 1 521 721 $
Other Income: 745 643 $
Total Income: 2 267 364 $

% Time on Ice - Penguins

Lines # - Real PCT - Wanted PCT - Time Play
Normal Forward
1 - 32% - 35% - 16:21
2 - 31% - 33% - 15:45
3 - 23% - 22% - 11:48
4 - 14% - 10% - 6:55
Normal Defense
1 - 35% - 40% - 17:38
2 - 36% - 30% - 18:05
3 - 28% - 20% - 14:05
4 - 2% - 10% - 1:01
PP Forward
1 - 60% - 60% - 2:22
2 - 40% - 40% - 1:36
PP Defense
1 - 62% - 60% - 2:27
2 - 38% - 40% - 1:31
PK Forward
1 - 67% - 60% - 3:05
2 - 33% - 40% - 1:33
PK Defense
1 - 62% - 60% - 2:51
2 - 38% - 40% - 1:47
PK3 Forward
1 - 0% - 60%
2 - 0% - 40%
PK3 Defense
1 - 0% - 60%
2 - 0% - 40%
44 Forward
1 - 0% - 60%
2 - 0% - 40%
44 Defense
1 - 0% - 60%
2 - 0% - 40%
Last Minute Offensive  - 0:35
Last Minute Defensive  - 0:00
Total
Forward - 60:00
Defense - 60:00

% Time on Ice - Bruins

Lines # - Real PCT - Wanted PCT - Time Play
Normal Forward
1 - 34% - 40% - 17:31
2 - 30% - 30% - 15:11
3 - 13% - 20% - 6:47
4 - 22% - 10% - 11:20
Normal Defense
1 - 37% - 40% - 18:37
2 - 31% - 30% - 15:35
3 - 28% - 20% - 14:04
4 - 5% - 10% - 2:33
PP Forward
1 - 60% - 60% - 2:46
2 - 40% - 40% - 1:52
PP Defense
1 - 40% - 60% - 1:52
2 - 60% - 40% - 2:46
PK Forward
1 - 56% - 60% - 2:13
2 - 44% - 40% - 1:45
PK Defense
1 - 53% - 60% - 2:06
2 - 47% - 40% - 1:52
PK3 Forward
1 - 0% - 60%
2 - 0% - 40%
PK3 Defense
1 - 0% - 60%
2 - 0% - 40%
44 Forward
1 - 0% - 60%
2 - 0% - 40%
44 Defense
1 - 0% - 60%
2 - 0% - 40%
Last Minute Offensive  - 0:00
Last Minute Defensive  - 0:35
Total
Forward - 60:00
Defense - 60:00

Play-by-Play

1st period


0:01 of 1st period - Max Domi wins face-off versus Brendan Lemieux in neutral zone.
0:08 of 1st period - Shot by Gabriel Landeskog.
0:08 of 1st period - Stopped by Tristan Jarry without a rebound.
0:09 of 1st period - Radek Faksa wins face-off versus Pierre-Luc Dubois in Bruins zone.
0:22 of 1st period - Shot by Pierre-Luc Dubois.
0:22 of 1st period - Shot Misses the Net.
1:19 of 1st period - Off-side.
1:20 of 1st period - Max Domi wins face-off versus Vladimir Sobotka in neutral zone.
1:20 of 1st period - Max Domi is hit by Alex Iafallo.
1:33 of 1st period - Shot by Max Domi.
1:33 of 1st period - Stopped by Tristan Jarry without a rebound.
1:34 of 1st period - Tanner Fritz wins face-off versus Alexander Nylander in Bruins zone.
1:36 of 1st period - Icing by Antoine Roussel.
1:37 of 1st period - Tanner Fritz wins face-off versus Alexander Nylander in Bruins zone.
1:37 of 1st period - Tanner Fritz is hit by Clayton Keller.
1:43 of 1st period - Brian Dumoulin is hit by Brent Seabrook and loses puck.
1:58 of 1st period - Shot by Clayton Keller.
1:58 of 1st period - Shot Misses the Net.
2:09 of 1st period - Minor Penalty to Brent Seabrook for Slashing.
2:10 of 1st period - Adrian Kempe wins face-off versus Tyler Bertuzzi in Penguins zone.
2:10 of 1st period - Adrian Kempe is hit by Brendan Lemieux.
2:49 of 1st period - Shot by Tyler Bertuzzi.
2:49 of 1st period - Deflect By Adam Henrique.
2:49 of 1st period - Goal by Adam Henrique - Penguins : 0 - Bruins : 1.
2:50 of 1st period - Vladimir Sobotka wins face-off versus Alex DeBrincat in neutral zone.
3:05 of 1st period - Brian Dumoulin is hit by Pierre-Luc Dubois and loses puck.
3:10 of 1st period - Shot by Jonathan Huberdeau.
3:10 of 1st period - Stopped by Tristan Jarry without a rebound.
3:11 of 1st period - Radek Faksa wins face-off versus Max Domi in Bruins zone.
4:05 of 1st period - Adrian Kempe is hit by Jonathon Merrill and loses puck.
4:11 of 1st period - Adrian Kempe is hit by Jonathon Merrill and loses puck.
4:14 of 1st period - Shot by Adrian Kempe.
4:14 of 1st period - Stopped by Tristan Jarry without a rebound.
4:15 of 1st period - Adam Henrique wins face-off versus Alexander Nylander in Bruins zone.
4:31 of 1st period - Shot by Adam Henrique.
4:31 of 1st period - Shot Blocked by Marcus Pettersson.
4:33 of 1st period - Shot by Brendan Lemieux.
4:33 of 1st period - Shot Blocked by Brent Seabrook.
4:35 of 1st period - Shot by Brian Dumoulin.
4:35 of 1st period - Stopped by Connor Hellebuyck without a rebound.
4:36 of 1st period - Vladimir Sobotka wins face-off versus Adrian Kempe in Penguins zone.
4:36 of 1st period - Alex Iafallo is hit by Filip Hronek and loses puck.
5:03 of 1st period - Shot by Brett Pesce.
5:03 of 1st period - Stopped by Connor Hellebuyck without a rebound.
5:04 of 1st period - Adam Henrique wins face-off versus Max Domi in Penguins zone.
5:13 of 1st period - Shot by Brendan Lemieux.
5:13 of 1st period - Shot Blocked by Shea Weber.
5:39 of 1st period - Shot by Gabriel Landeskog.
5:39 of 1st period - Shot Blocked by Brady Skjei.
5:41 of 1st period - Shot by Shea Weber.
5:41 of 1st period - Shot Blocked by Brady Skjei.
5:43 of 1st period - Shot by Drew Doughty.
5:43 of 1st period - Deflect By David Perron.
5:43 of 1st period - Shot Blocked by Brian Dumoulin.
5:45 of 1st period - Shot by Drew Doughty.
5:45 of 1st period - Shot Misses the Net.
5:47 of 1st period - Shot by Shea Weber.
5:47 of 1st period - Shot Misses the Net.
6:02 of 1st period - Shot by Pierre-Luc Dubois.
6:02 of 1st period - Deflect By Jonathan Huberdeau.
6:02 of 1st period - Shot Misses the Net.
6:10 of 1st period - Shot by Pierre-Luc Dubois.
6:10 of 1st period - Shot Blocked by Brian Dumoulin.
6:12 of 1st period - Shot by Brent Seabrook.
6:12 of 1st period - Shot Misses the Net.
6:18 of 1st period - Shot by Jonathan Huberdeau.
6:18 of 1st period - Stopped by Tristan Jarry without a rebound.
6:19 of 1st period - Alexander Nylander wins face-off versus Marcus Sorensen in Bruins zone.
6:40 of 1st period - Icing by Filip Hronek.
6:41 of 1st period - Radek Faksa wins face-off versus Alexander Nylander in Penguins zone.
6:57 of 1st period - Mark Giordano is hit by Jonathon Merrill and loses puck.
7:05 of 1st period - Icing by Markus Nutivaara.
7:06 of 1st period - Max Domi wins face-off versus Radek Faksa in Bruins zone.
8:11 of 1st period - Shot by Jonathan Huberdeau.
8:11 of 1st period - Stopped by Tristan Jarry without a rebound.
8:12 of 1st period - Alexander Nylander wins face-off versus Adam Henrique in Bruins zone.
8:12 of 1st period - Mark Giordano is hit by Brian Dumoulin.
8:34 of 1st period - Shot by Tyler Bertuzzi.
8:34 of 1st period - Stopped by Connor Hellebuyck without a rebound.
8:35 of 1st period - Pierre-Luc Dubois wins face-off versus Vladimir Sobotka in Penguins zone.
9:04 of 1st period - Off-side.
9:05 of 1st period - Max Domi wins face-off versus Adam Henrique in neutral zone.
9:08 of 1st period - Shot by Drew Doughty.
9:08 of 1st period - Stopped by Tristan Jarry without a rebound.
9:09 of 1st period - Adam Henrique wins face-off versus Max Domi in Bruins zone.
9:20 of 1st period - Icing by Brady Skjei.
9:21 of 1st period - Pierre-Luc Dubois wins face-off versus Adam Henrique in Bruins zone.
9:33 of 1st period - Shot by Jonathan Huberdeau.
9:33 of 1st period - Stopped by Tristan Jarry without a rebound.
9:34 of 1st period - Radek Faksa wins face-off versus David Perron in Bruins zone.
9:44 of 1st period - Icing by Max Domi.
9:45 of 1st period - David Perron wins face-off versus Adam Henrique in Penguins zone.
9:45 of 1st period - David Perron is hit by Brendan Lemieux.
10:19 of 1st period - Shot by David Perron.
10:19 of 1st period - Stopped by Tristan Jarry without a rebound.
10:20 of 1st period - Radek Faksa wins face-off versus Pierre-Luc Dubois in Bruins zone.
10:37 of 1st period - Shot by Radek Faksa.
10:37 of 1st period - Shot Blocked by Drew Doughty.
10:39 of 1st period - Shot by Jayson Megna.
10:39 of 1st period - Stopped by Connor Hellebuyck without a rebound.
10:40 of 1st period - Vladimir Sobotka wins face-off versus Adrian Kempe in Penguins zone.
11:07 of 1st period - Icing by Cedric Paquette.
11:08 of 1st period - Adam Henrique wins face-off versus Adrian Kempe in Penguins zone.
11:42 of 1st period - Drew Doughty is hit by Jordan Oesterle.
11:44 of 1st period - Shot by Alex DeBrincat.
11:44 of 1st period - Shot Misses the Net.
12:04 of 1st period - Shot by Jonathan Huberdeau.
12:04 of 1st period - Stopped by Tristan Jarry without a rebound.
12:05 of 1st period - Carl Hagelin wins face-off versus Alexander Nylander in Bruins zone.
12:16 of 1st period - Shot by Jayson Megna.
12:16 of 1st period - Stopped by Connor Hellebuyck without a rebound.
12:17 of 1st period - Vladimir Sobotka wins face-off versus Max Domi in Penguins zone.
12:22 of 1st period - Shot by Marcus Sorensen.
12:22 of 1st period - Stopped by Connor Hellebuyck with a rebound.
12:52 of 1st period - Off-side.
12:53 of 1st period - Radek Faksa wins face-off versus Alexander Nylander in neutral zone.
13:02 of 1st period - Shot by Carl Hagelin.
13:02 of 1st period - Stopped by Connor Hellebuyck without a rebound.
13:03 of 1st period - Pierre-Luc Dubois wins face-off versus Tanner Fritz in Penguins zone.
13:30 of 1st period - Shot by Jonathan Huberdeau.
13:30 of 1st period - Stopped by Tristan Jarry with a rebound.
13:45 of 1st period - Michael Frolik is hit by Pierre-Luc Dubois and loses puck.
13:57 of 1st period - Clayton Keller is hit by Brady Skjei.
14:41 of 1st period - Gabriel Landeskog is hit by Brendan Lemieux and loses puck.
15:00 of 1st period - Shot by Gabriel Landeskog.
15:00 of 1st period - Shot Misses the Net.
15:05 of 1st period - Brett Pesce is hit by Brent Seabrook and loses puck.
15:33 of 1st period - Minor Penalty to Jonathon Merrill for Goalie Interference.
15:34 of 1st period - Pierre-Luc Dubois wins face-off versus Tyler Bertuzzi in Bruins zone.
16:01 of 1st period - Shot by Shea Weber.
16:01 of 1st period - Stopped by Tristan Jarry without a rebound.
16:02 of 1st period - Max Domi wins face-off versus Adam Henrique in Bruins zone.
16:16 of 1st period - Shot by David Perron.
16:16 of 1st period - Shot Misses the Net.
16:18 of 1st period - Shot by Max Domi.
16:18 of 1st period - Shot Misses the Net.
16:54 of 1st period - Icing by Shea Weber.
16:55 of 1st period - Vladimir Sobotka wins face-off versus Pierre-Luc Dubois in Penguins zone.
17:12 of 1st period - Shot by Shea Weber.
17:12 of 1st period - Shot Misses the Net.
17:16 of 1st period - Shot by Pierre-Luc Dubois.
17:16 of 1st period - Stopped by Tristan Jarry without a rebound.
17:17 of 1st period - Max Domi wins face-off versus Radek Faksa in Bruins zone.
17:43 of 1st period - Clayton Keller is hit by Jonathon Merrill.
17:52 of 1st period - Oliver Bjorkstrand is hit by Antoine Roussel and loses puck.
17:58 of 1st period - Brent Seabrook is hit by Jonathon Merrill and loses puck.
18:06 of 1st period - Clayton Keller is hit by Markus Nutivaara and loses puck.
18:44 of 1st period - Radek Faksa is hit by Shea Weber and loses puck.
19:13 of 1st period - Shot by Gabriel Landeskog.
19:13 of 1st period - Shot Blocked by Carl Hagelin.
19:27 of 1st period - Shot by Gabriel Landeskog.
19:27 of 1st period - Stopped by Tristan Jarry without a rebound.
19:28 of 1st period - Adam Henrique wins face-off versus Adrian Kempe in Bruins zone.
19:28 of 1st period - Adam Henrique is hit by Cedric Paquette.
19:38 of 1st period - Marcus Pettersson is hit by Brendan Lemieux and loses puck.
Goals for this period are 0 for Penguins vs 1 for Bruins.
Shots for this period are 14 for Penguins vs 8 for Bruins.

2nd period


0:01 of 2nd period - Adam Henrique wins face-off versus Max Domi in neutral zone.
0:12 of 2nd period - Shot by Adam Henrique.
0:12 of 2nd period - Stopped by Connor Hellebuyck without a rebound.
0:13 of 2nd period - Radek Faksa wins face-off versus Jonathan Huberdeau in Penguins zone.
0:23 of 2nd period - Off-side.
0:24 of 2nd period - Tyler Bertuzzi wins face-off versus Max Domi in neutral zone.
0:33 of 2nd period - Off-side.
0:34 of 2nd period - Vladimir Sobotka wins face-off versus Pierre-Luc Dubois in neutral zone.
0:37 of 2nd period - Drew Doughty is hit by Marcus Sorensen.
0:55 of 2nd period - Shot by Vladimir Sobotka.
0:55 of 2nd period - Stopped by Connor Hellebuyck without a rebound.
0:56 of 2nd period - Adam Henrique wins face-off versus Max Domi in Penguins zone.
1:01 of 2nd period - Shot by Tyler Bertuzzi.
1:01 of 2nd period - Stopped by Connor Hellebuyck without a rebound.
1:02 of 2nd period - Adam Henrique wins face-off versus Max Domi in Penguins zone.
1:19 of 2nd period - Shot by Gabriel Landeskog.
1:19 of 2nd period - Shot Blocked by Brett Pesce.
2:05 of 2nd period - Shot by Alex DeBrincat.
2:05 of 2nd period - Shot Misses the Net.
2:24 of 2nd period - Carl Hagelin is hit by Filip Hronek.
3:06 of 2nd period - Minor Penalty to Filip Hronek for High sticking.
3:07 of 2nd period - Radek Faksa wins face-off versus Adrian Kempe in Penguins zone.
3:27 of 2nd period - Icing by Jayson Megna.
3:28 of 2nd period - Radek Faksa wins face-off versus Adrian Kempe in Bruins zone.
3:45 of 2nd period - Shot by Drew Doughty.
3:45 of 2nd period - Shot Misses the Net.
4:47 of 2nd period - Icing by Brett Pesce.
4:48 of 2nd period - Adrian Kempe wins face-off versus Marcus Sorensen in Bruins zone.
4:49 of 2nd period - Shot by Shea Weber.
4:49 of 2nd period - Stopped by Tristan Jarry with a rebound.
5:33 of 2nd period - Shot by Antoine Roussel.
5:33 of 2nd period - Shot Blocked by Brent Seabrook.
5:35 of 2nd period - Shot by Michael Frolik.
5:35 of 2nd period - Shot Misses the Net.
5:37 of 2nd period - Shot by Michael Frolik.
5:37 of 2nd period - Shot Blocked by Brent Seabrook.
5:39 of 2nd period - Shot by Tanner Fritz.
5:39 of 2nd period - Stopped by Connor Hellebuyck without a rebound.
5:40 of 2nd period - Vladimir Sobotka wins face-off versus Pierre-Luc Dubois in Penguins zone.
5:57 of 2nd period - Shot by Jonathan Huberdeau.
5:57 of 2nd period - Stopped by Tristan Jarry with a rebound.
5:59 of 2nd period - Shot by Jonathan Huberdeau.
5:59 of 2nd period - Shot Blocked by Brian Dumoulin.
6:09 of 2nd period - Shot by Jonathan Huberdeau.
6:09 of 2nd period - Deflect By Alex DeBrincat.
6:09 of 2nd period - Stopped by Tristan Jarry without a rebound.
6:10 of 2nd period - Adam Henrique wins face-off versus Max Domi in Bruins zone.
6:28 of 2nd period - Shot by David Perron.
6:28 of 2nd period - Shot Blocked by Jordan Oesterle.
6:34 of 2nd period - Shot by David Perron.
6:34 of 2nd period - Shot Misses the Net.
6:36 of 2nd period - Shot by Drew Doughty.
6:36 of 2nd period - Stopped by Tristan Jarry without a rebound.
6:37 of 2nd period - Radek Faksa wins face-off versus Alexander Nylander in Bruins zone.
6:37 of 2nd period - Carl Hagelin is hit by Clayton Keller and loses puck.
6:44 of 2nd period - Marcus Pettersson is hit by Radek Faksa and loses puck.
6:54 of 2nd period - Icing by Brent Seabrook.
6:55 of 2nd period - Vladimir Sobotka wins face-off versus Alexander Nylander in Penguins zone.
7:17 of 2nd period - Icing by Marcus Pettersson.
7:18 of 2nd period - Adam Henrique wins face-off versus Alexander Nylander in Penguins zone.
7:19 of 2nd period - Shot by Tyler Bertuzzi.
7:19 of 2nd period - Shot Misses the Net.
7:21 of 2nd period - Shot by Jordan Oesterle.
7:21 of 2nd period - Stopped by Connor Hellebuyck without a rebound.
7:22 of 2nd period - Max Domi wins face-off versus Adam Henrique in Penguins zone.
7:29 of 2nd period - Shot by Shea Weber.
7:29 of 2nd period - Shot Misses the Net.
7:44 of 2nd period - Shot by Gabriel Landeskog.
7:44 of 2nd period - Stopped by Tristan Jarry with a rebound.
7:46 of 2nd period - Shot by Drew Doughty.
7:46 of 2nd period - Shot Misses the Net.
7:48 of 2nd period - Shot by Shea Weber.
7:48 of 2nd period - Goal by Shea Weber - Penguins : 1 - Bruins : 1.
7:49 of 2nd period - Radek Faksa wins face-off versus Pierre-Luc Dubois in neutral zone.
8:03 of 2nd period - Shot by Radek Faksa.
8:03 of 2nd period - Goal by Radek Faksa - Penguins : 1 - Bruins : 2.
8:04 of 2nd period - Alexander Nylander wins face-off versus Vladimir Sobotka in neutral zone.
8:13 of 2nd period - Shot by Oliver Bjorkstrand.
8:13 of 2nd period - Stopped by Tristan Jarry without a rebound.
8:14 of 2nd period - Adam Henrique wins face-off versus Max Domi in Bruins zone.
8:25 of 2nd period - Shot by Brendan Lemieux.
8:25 of 2nd period - Stopped by Connor Hellebuyck without a rebound.
8:26 of 2nd period - Pierre-Luc Dubois wins face-off versus Radek Faksa in Penguins zone.
8:41 of 2nd period - Shot by Radek Faksa.
8:41 of 2nd period - Stopped by Connor Hellebuyck without a rebound.
8:42 of 2nd period - Max Domi wins face-off versus Adam Henrique in Penguins zone.
8:49 of 2nd period - Shot by David Perron.
8:49 of 2nd period - Shot Misses the Net.
9:28 of 2nd period - Icing by Drew Doughty.
9:29 of 2nd period - Radek Faksa wins face-off versus Max Domi in Penguins zone.
10:48 of 2nd period - Shot by Vladimir Sobotka.
10:48 of 2nd period - Stopped by Connor Hellebuyck without a rebound.
10:49 of 2nd period - Adam Henrique wins face-off versus Alexander Nylander in Penguins zone.
11:05 of 2nd period - Shot by Adam Henrique.
11:05 of 2nd period - Shot Misses the Net.
11:24 of 2nd period - Shot by Alexander Nylander.
11:24 of 2nd period - Deflect By Clayton Keller.
11:24 of 2nd period - Shot Misses the Net.
11:26 of 2nd period - Shot by Drew Doughty.
11:26 of 2nd period - Shot Blocked by Brady Skjei.
11:28 of 2nd period - Shot by Drew Doughty.
11:28 of 2nd period - Stopped by Tristan Jarry with a rebound.
13:11 of 2nd period - Shot by Alex DeBrincat.
13:11 of 2nd period - Stopped by Tristan Jarry without a rebound.
13:12 of 2nd period - Radek Faksa wins face-off versus Alexander Nylander in Bruins zone.
13:36 of 2nd period - Icing by Drew Doughty.
13:37 of 2nd period - Tanner Fritz wins face-off versus Alexander Nylander in Penguins zone.
14:16 of 2nd period - Drew Doughty is hit by Tanner Fritz and loses puck.
14:22 of 2nd period - Clayton Keller is hit by Antoine Roussel.
14:59 of 2nd period - Gabriel Landeskog is hit by Jordan Oesterle and loses puck.
15:10 of 2nd period - Shot by Gabriel Landeskog.
15:10 of 2nd period - Shot Blocked by Adam Henrique.
15:19 of 2nd period - Tyler Bertuzzi is hit by Brent Seabrook and loses puck.
15:28 of 2nd period - Shot by Jonathan Huberdeau.
15:28 of 2nd period - Shot Misses the Net.
15:30 of 2nd period - Shot by Marcus Pettersson.
15:30 of 2nd period - Shot Misses the Net.
15:32 of 2nd period - Shot by Marcus Pettersson.
15:32 of 2nd period - Shot Misses the Net.
15:34 of 2nd period - Shot by Brent Seabrook.
15:34 of 2nd period - Stopped by Tristan Jarry without a rebound.
15:35 of 2nd period - Adrian Kempe wins face-off versus Radek Faksa in Bruins zone.
15:36 of 2nd period - Shot by Cedric Paquette.
15:36 of 2nd period - Stopped by Tristan Jarry without a rebound.
15:37 of 2nd period - Radek Faksa wins face-off versus Cedric Paquette in Bruins zone.
15:43 of 2nd period - Carl Hagelin is hit by Cedric Paquette and loses puck.
15:44 of 2nd period - Carl Hagelin from Bruins is injured at 15:44 of 2nd period (Strained Right Knee).
15:45 of 2nd period - Jonathan Huberdeau wins face-off versus Radek Faksa in Bruins zone.
15:55 of 2nd period - Minor Penalty to Pierre-Luc Dubois for Hooking.
15:56 of 2nd period - Adrian Kempe wins face-off versus Adam Henrique in Penguins zone.
16:16 of 2nd period - Shot by Brendan Lemieux.
16:16 of 2nd period - Shot Misses the Net.
17:11 of 2nd period - Icing by Brian Dumoulin.
17:12 of 2nd period - Radek Faksa wins face-off versus Adrian Kempe in Bruins zone.
17:34 of 2nd period - Shot by Brady Skjei.
17:34 of 2nd period - Shot Misses the Net.
17:47 of 2nd period - Icing by Brendan Lemieux.
17:48 of 2nd period - Cedric Paquette wins face-off versus Brendan Lemieux in Bruins zone.
19:01 of 2nd period - Icing by Drew Doughty.
19:02 of 2nd period - Radek Faksa wins face-off versus Alexander Nylander in Penguins zone.
19:58 of 2nd period - Shot by David Perron.
19:58 of 2nd period - Stopped by Tristan Jarry with a rebound.
Goals for this period are 1 for Penguins vs 1 for Bruins.
Shots for this period are 12 for Penguins vs 9 for Bruins.

3rd period


0:01 of 3rd period - Adam Henrique wins face-off versus Max Domi in neutral zone.
0:12 of 3rd period - Shot by Adam Henrique.
0:12 of 3rd period - Shot Misses the Net.
0:20 of 3rd period - Shot by Drew Doughty.
0:20 of 3rd period - Stopped by Tristan Jarry with a rebound.
0:43 of 3rd period - Icing by Adam Henrique.
0:44 of 3rd period - Pierre-Luc Dubois wins face-off versus Adam Henrique in Bruins zone.
0:47 of 3rd period - Shot by Jonathan Huberdeau.
0:47 of 3rd period - Stopped by Tristan Jarry without a rebound.
0:48 of 3rd period - Jayson Megna wins face-off versus Pierre-Luc Dubois in Bruins zone.
0:57 of 3rd period - Shot by Marcus Sorensen.
0:57 of 3rd period - Shot Misses the Net.
1:03 of 3rd period - Shot by Radek Faksa.
1:03 of 3rd period - Stopped by Connor Hellebuyck with a rebound.
1:05 of 3rd period - Shot by Radek Faksa.
1:05 of 3rd period - Stopped by Connor Hellebuyck without a rebound.
1:06 of 3rd period - Tanner Fritz wins face-off versus Adrian Kempe in Penguins zone.
1:44 of 3rd period - Michael Frolik is hit by Cedric Paquette and loses puck.
2:14 of 3rd period - Off-side.
2:15 of 3rd period - Max Domi wins face-off versus Radek Faksa in neutral zone.
2:20 of 3rd period - Shot by Gabriel Landeskog.
2:20 of 3rd period - Stopped by Tristan Jarry without a rebound.
2:21 of 3rd period - Max Domi wins face-off versus Radek Faksa in Bruins zone.
2:50 of 3rd period - Shot by Max Domi.
2:50 of 3rd period - Stopped by Tristan Jarry without a rebound.
2:51 of 3rd period - Pierre-Luc Dubois wins face-off versus Adam Henrique in Bruins zone.
2:51 of 3rd period - Pierre-Luc Dubois is hit by Jordan Oesterle.
2:54 of 3rd period - Jonathan Huberdeau is hit by Brett Pesce and loses puck.
3:42 of 3rd period - Minor Penalty to Tanner Fritz for Tripping.
3:43 of 3rd period - Adam Henrique wins face-off versus Max Domi in Bruins zone.
4:08 of 3rd period - Shot by Shea Weber.
4:08 of 3rd period - Shot Misses the Net.
5:15 of 3rd period - Shot by Drew Doughty.
5:15 of 3rd period - Stopped by Tristan Jarry with a rebound.
5:17 of 3rd period - Shot by Drew Doughty.
5:17 of 3rd period - Stopped by Tristan Jarry without a rebound.
5:18 of 3rd period - Max Domi wins face-off versus Radek Faksa in Bruins zone.
5:47 of 3rd period - Brent Seabrook is hit by Tanner Fritz and loses puck.
6:54 of 3rd period - Shot by Vladimir Sobotka.
6:54 of 3rd period - Shot Misses the Net.
6:56 of 3rd period - Shot by Brady Skjei.
6:56 of 3rd period - Stopped by Connor Hellebuyck without a rebound.
6:57 of 3rd period - Pierre-Luc Dubois wins face-off versus Radek Faksa in Penguins zone.
8:00 of 3rd period - Shot by Tyler Bertuzzi.
8:00 of 3rd period - Stopped by Connor Hellebuyck without a rebound.
8:01 of 3rd period - Tanner Fritz wins face-off versus Max Domi in Penguins zone.
8:06 of 3rd period - Shot by Michael Frolik.
8:06 of 3rd period - Deflect By Antoine Roussel.
8:06 of 3rd period - Shot Blocked by Drew Doughty.
8:08 of 3rd period - Shot by Jonathon Merrill.
8:08 of 3rd period - Shot Misses the Net.
8:21 of 3rd period - Shea Weber is hit by Markus Nutivaara and loses puck.
9:09 of 3rd period - Shot by Adam Henrique.
9:09 of 3rd period - Shot Misses the Net.
9:11 of 3rd period - Shot by Brady Skjei.
9:11 of 3rd period - Stopped by Connor Hellebuyck without a rebound.
9:12 of 3rd period - Pierre-Luc Dubois wins face-off versus Radek Faksa in Penguins zone.
9:16 of 3rd period - Mark Giordano is hit by Marcus Sorensen and loses puck.
9:20 of 3rd period - Filip Hronek is hit by Radek Faksa and loses puck.
9:24 of 3rd period - Mark Giordano is hit by Jordan Oesterle and loses puck.
9:32 of 3rd period - Jayson Megna beats up Filip Hronek.
9:32 of 3rd period - Penalty to Jayson Megna for Fighting.
9:32 of 3rd period - Penalty to Filip Hronek for Fighting.
9:33 of 3rd period - Adam Henrique wins face-off versus Alexander Nylander in Bruins zone.
9:59 of 3rd period - Shot by Adam Henrique.
9:59 of 3rd period - Shot Misses the Net.
10:01 of 3rd period - Shot by Brendan Lemieux.
10:01 of 3rd period - Shot Blocked by Marcus Pettersson.
10:48 of 3rd period - Pierre-Luc Dubois is hit by Radek Faksa and loses puck.
11:01 of 3rd period - Shot by Jonathan Huberdeau.
11:01 of 3rd period - Deflect By Alex DeBrincat.
11:01 of 3rd period - Shot Misses the Net.
11:07 of 3rd period - Shot by Jonathan Huberdeau.
11:07 of 3rd period - Stopped by Tristan Jarry with a rebound.
11:31 of 3rd period - Shot by Oskar Lindblom.
11:31 of 3rd period - Shot Misses the Net.
11:37 of 3rd period - Shot by Michael Frolik.
11:37 of 3rd period - Stopped by Connor Hellebuyck without a rebound.
11:38 of 3rd period - Tanner Fritz wins face-off versus Max Domi in Penguins zone.
12:14 of 3rd period - Icing by Shea Weber.
12:15 of 3rd period - Adam Henrique wins face-off versus Max Domi in Penguins zone.
12:20 of 3rd period - Shot by Brendan Lemieux.
12:20 of 3rd period - Stopped by Connor Hellebuyck without a rebound.
12:21 of 3rd period - Adam Henrique wins face-off versus Pierre-Luc Dubois in Penguins zone.
12:22 of 3rd period - Shot by Tyler Bertuzzi.
12:22 of 3rd period - Shot Misses the Net.
12:24 of 3rd period - Shot by Jonathon Merrill.
12:24 of 3rd period - Stopped by Connor Hellebuyck with a rebound.
12:26 of 3rd period - Shot by Brendan Lemieux.
12:26 of 3rd period - Stopped by Connor Hellebuyck with a rebound.
12:34 of 3rd period - Jonathon Merrill is hit by Pierre-Luc Dubois and loses puck.
12:45 of 3rd period - Shot by Pierre-Luc Dubois.
12:45 of 3rd period - Stopped by Tristan Jarry without a rebound.
12:46 of 3rd period - Radek Faksa wins face-off versus Alexander Nylander in Bruins zone.
12:55 of 3rd period - Shot by Marcus Sorensen.
12:55 of 3rd period - Shot Misses the Net.
13:31 of 3rd period - Radek Faksa is hit by Shea Weber and loses puck.
14:00 of 3rd period - Shot by David Perron.
14:00 of 3rd period - Shot Misses the Net.
14:04 of 3rd period - Shot by Gabriel Landeskog.
14:04 of 3rd period - Shot Blocked by Brett Pesce.
14:06 of 3rd period - Shot by Brent Seabrook.
14:06 of 3rd period - Stopped by Tristan Jarry with a rebound.
14:14 of 3rd period - Shot by David Perron.
14:14 of 3rd period - Shot Misses the Net.
14:16 of 3rd period - Shot by David Perron.
14:16 of 3rd period - Shot Blocked by Jordan Oesterle.
14:42 of 3rd period - Shot by Michael Frolik.
14:42 of 3rd period - Shot Blocked by Gabriel Landeskog.
14:59 of 3rd period - Filip Hronek is hit by Jonathon Merrill and loses puck.
15:16 of 3rd period - Shot by Pierre-Luc Dubois.
15:16 of 3rd period - Stopped by Tristan Jarry without a rebound.
15:17 of 3rd period - Adrian Kempe wins face-off versus Radek Faksa in Bruins zone.
15:17 of 3rd period - Shea Weber is hit by Brady Skjei and loses puck.
15:43 of 3rd period - Brady Skjei is hit by Oskar Lindblom and loses puck.
15:49 of 3rd period - Radek Faksa is hit by Drew Doughty and loses puck.
16:01 of 3rd period - Icing by Drew Doughty.
16:02 of 3rd period - Adrian Kempe wins face-off versus Tanner Fritz in Penguins zone.
16:11 of 3rd period - Antoine Roussel is hit by Shea Weber and loses puck.
16:20 of 3rd period - Shot by Michael Frolik.
16:20 of 3rd period - Stopped by Connor Hellebuyck without a rebound.
16:21 of 3rd period - Max Domi wins face-off versus Adam Henrique in Penguins zone.
16:21 of 3rd period - Max Domi is hit by Brendan Lemieux.
16:42 of 3rd period - Icing by Filip Hronek.
16:43 of 3rd period - Radek Faksa wins face-off versus Max Domi in Penguins zone.
16:55 of 3rd period - Radek Faksa is hit by Filip Hronek and loses puck.
17:02 of 3rd period - Shot by Radek Faksa.
17:02 of 3rd period - Shot Misses the Net.
18:04 of 3rd period - Shot by Tyler Bertuzzi.
18:04 of 3rd period - Shot Misses the Net.
18:25 of 3rd period - Icing by Tanner Fritz.
18:26 of 3rd period - Michael Frolik wins face-off versus Alexander Nylander in Bruins zone.
18:33 of 3rd period - Shot by Oliver Bjorkstrand.
18:33 of 3rd period - Shot Misses the Net.
18:41 of 3rd period - Shot by Michael Frolik.
18:41 of 3rd period - Deflect By Antoine Roussel.
18:41 of 3rd period - Shot Blocked by Shea Weber.
18:43 of 3rd period - Shot by Tanner Fritz.
18:43 of 3rd period - Stopped by Connor Hellebuyck with a rebound.
18:45 of 3rd period - Shot by Michael Frolik.
18:45 of 3rd period - Stopped by Connor Hellebuyck without a rebound.
18:46 of 3rd period - Radek Faksa wins face-off versus Adrian Kempe in Penguins zone.
18:46 of 3rd period - Radek Faksa is hit by Drew Doughty.
19:00 of 3rd period - Penguins, Connor Hellebuyck is pulled from the net.
19:00 of 3rd period - Shot by Oskar Lindblom.
19:00 of 3rd period - Shot Misses the Net.
19:22 of 3rd period - Shot by Shea Weber.
19:22 of 3rd period - Shot Misses the Net.
19:24 of 3rd period - Shot by Shea Weber.
19:24 of 3rd period - Stopped by Tristan Jarry without a rebound.
19:25 of 3rd period - Adam Henrique wins face-off versus Max Domi in Bruins zone.
19:34 of 3rd period - Shot by Gabriel Landeskog.
19:34 of 3rd period - Shot Misses the Net.
19:38 of 3rd period - Shot by Max Domi.
19:38 of 3rd period - Shot Misses the Net.
19:40 of 3rd period - Shot by Drew Doughty.
19:40 of 3rd period - Shot Misses the Net.
19:42 of 3rd period - Shot by Max Domi.
19:42 of 3rd period - Deflect By David Perron.
19:42 of 3rd period - Stopped by Tristan Jarry without a rebound.
19:43 of 3rd period - Max Domi wins face-off versus Adam Henrique in Bruins zone.
19:44 of 3rd period - Shot by Gabriel Landeskog.
19:44 of 3rd period - Stopped by Tristan Jarry without a rebound.
19:45 of 3rd period - Max Domi wins face-off versus Adam Henrique in Bruins zone.
19:53 of 3rd period - David Perron is hit by Brady Skjei and loses puck.
Goals for this period are 0 for Penguins vs 0 for Bruins.
Shots for this period are 13 for Penguins vs 12 for Bruins.